 Dungeon Crawl Stone Soup version 0.31-a0-1-g4198be8af4 (webtiles) character file.

Game seed: 11944469965482276932

35 Pimp the Trooper (level 3, -1/33 HPs)
             Began as a Draconian Fighter on May 1, 2023.
             Slain by Terence
             ... wielding a +2 falchion of distortion
              (4 damage)
             ... on level 2 of the Dungeon.
             The game lasted 00:01:05 (931 turns).

Pimp the Trooper (Draconian Fighter)                 Turns: 931, Time: 00:01:06

Health: -1/33      AC:  5    Str: 20    XL:     3   Next: 16%
Magic:  3/3        EV: 12    Int:  8    God:
Gold:   107        SH:  4    Dex: 10    Spells: 2/2 levels left

rFire   . . .        a - +0 war axe
rCold   . . .        b - +0 buckler
rNeg    . . .        (body armour unavailable)
rPois   .            (helmet restricted)
rElec   .            (no cloak)
rCorr   .            (no gloves)
SInv    .            (no boots)
Will    .....        (no amulet)
Stlth   +            (no ring)
HPRegen 0.25/turn    (no ring)
MPRegen 0.08/turn

%: no passive effects
@: mighty
A: AC +5, unfitting armour, cold-blooded
a: no special abilities


You were on level 2 of the Dungeon.
You visited 1 branch of the dungeon, and saw 2 of its levels.

You collected 107 gold pieces.

Inventory:

Hand Weapons
 a - a +0 war axe (weapon)
Armour
 b - a +0 buckler (worn)
Scrolls
 d - a scroll of torment {unknown}
 e - a scroll of identify
 f - a scroll of magic mapping {unknown}
Potions
 g - a potion of mutation {unknown}


   Skills:
 + Level 3.7 Fighting
 + Level 2.4 Axes
 + Level 3.0 Dodging
 + Level 3.3 Shields


You had 2 spell levels left.
You didn't know any spells.
Your spell library was empty.

Dungeon Overview and Level Annotations

Branches:
Dungeon (2/15)

Altars:

Shops:
D:1 ?

Annotations:
D:2 Terence


Innate Abilities, Weirdness & Mutations

Your plain brown scales are hard. (AC +5)
You cannot fit into any form of body armour.
You are cold-blooded and may be slowed by cold attacks.


Message History

You kill the kobold!
A giant cockroach comes into view.
Things that are here:
a +0 dagger; 3 stones; a kobold corpse
Found a scroll labelled TAGREPRUDU.
The giant cockroach barely misses you.
You slash the giant cockroach!
You kill the giant cockroach!
You see here a scroll labelled TAGREPRUDU.
You closely miss Terence. You block Terence's attack.
You hit Terence but do no damage. Terence misses you.
Terence closely misses you.
You hit Terence but do no damage.
Your tail-slap misses Terence.
You block Terence's attack.
You closely miss Terence.
Terence hits you with a +2 falchion of distortion.
You hit Terence.
Terence is moderately wounded.
Terence hits you with a +2 falchion of distortion!
Space warps around you. You block Terence's attack.
You hit Terence but do no damage.
Terence is moderately wounded.
Terence misses you.
You barely miss Terence.
Terence is moderately wounded.
Terence hits you with a +2 falchion of distortion.
Space warps horribly around you!
* * * LOW HITPOINT WARNING * * *
You hit Terence.
Terence is heavily wounded.
Terence closely misses you. x2
You hit Terence but do no damage.
Terence is heavily wounded.
Terence closely misses you.
You hit Terence but do no damage.
Terence is heavily wounded.
Terence barely misses you. Terence misses you.
Unknown command.
You feel very mighty all of a sudden.
Terence hits you with a +2 falchion of distortion.
You die...

#
#.########.###.#
#.......@@......
#####.....###.#
#.###.# #.# .#
#)# . #.# ## #.#
#.#
###########.#


You could see Terence.

Vanquished Creatures
  A gnoll (D:1)
  4 bats
  An endoplasm (D:2)
  3 giant cockroaches
  A hobgoblin (D:1)
  4 kobolds
  2 quokkas (D:1)
  3 ball pythons
  3 goblins
22 creatures vanquished.

Notes
Turn   | Place    | Note
-------+----------+-------------------------------------------
     0 | D:1      | Pimp the Draconian Fighter began the quest for the Orb.
     0 | D:1      | Reached XP level 1. HP: 19/19 MP: 1/1
   248 | D:1      | Found Helineg's Magic Scroll Shoppe.
   312 | D:1      | Reached XP level 2. HP: 17/26 MP: 2/2
   873 | D:2      | Reached XP level 3. HP: 33/33 MP: 3/3
   913 | D:2      | Noticed Terence
   931 | D:2      | Slain by Terence

Illustrated notes

Levels and vault maps discovered:
D:1:      minmay_arrival_open_corners, layout_basic, serial_shops,
          nicolae_shop_rolled_up
D:2:      layout_loops_ring, uniq_crazy_yiuf_cottage, uniq_terence

Skill      XL: |  1  2 |
---------------+-------+-----
Dodging        | 3 |  3.0
Fighting       | |  3.7
Axes           | |  2.4
Shields        | |  3.3

Action                     || total
---------------------------++-------
  Melee: War axe           ||    49
         Tailslap          ||     3
    Use: Scroll            ||     1
         Potion            ||     1
 Armour: Skin              ||     8
  Dodge: Dodged            ||    32
  Block: Buckler           ||    13

Table legend: (Time is in decaauts)
 A = Elapsed time spent in this place.
 B = Non-inter-level travel time spent in this place.
 C = Inter-level travel time spent in this place.
 D = Time resting spent in this place.
 E = Time spent auto-exploring this place.
 F = Levels seen in this place.
 G = Mean time per level.
                   A        B        C        D        E       F      G
               +--------+--------+--------+--------+--------+-----+--------+
         Total |    951 |    911 |     40 |      0 |    735 |   2 |  475.5 |
       Dungeon |    951 |    911 |     40 |      0 |    735 |   2 |  475.5 |
               +--------+--------+--------+--------+--------+-----+--------+

Top non-repeatable levels by time:
     D:1: 878 daAuts
     D:2: 73 daAuts
